 Dungeon Crawl Stone Soup version 0.31-a0-321-g19405a7a6a (webtiles) character file.

Game seed: 1123100885574150757

714 cforsyth the Basher (level 8, -3/73 HPs)
             Began as a Meteoran Fighter on July 17, 2023.
             Splashed by a jelly's acid (10 damage)
             ... on level 6 of the Dungeon.
             The game lasted 00:09:45 (2061 turns).

cforsyth the Basher (Meteoran Fighter)              Turns: 2061, Time: 00:09:46

Health: -3/73      AC: -7    Str: 21    XL:     8   Next: 21%
Magic:  9/9        EV:  9    Int:  9    God:
Gold:   122        SH:  5    Dex: 13    Spells: 7/7 levels left

rFire   . . .        w - +1 flail
rCold   + . .        c - +0 buckler
rNeg    . . .        b - +0 scale mail
rPois   .            t - +0 helmet
rElec   .            x - +2 cloak
rCorr   .            n - +0 pair of gloves
SInv    .            (no boots)
Will    .....        (no amulet) Stlth
                     d - ring of flight
HPRegen 0.32/turn    i - ring of protection from cold
MPRegen 0.11/turn

%: no passive effects
@: weak-willed, corroded, flying, glowing
A: sense surroundings 1, otherworldly, glowing, explore regen
a: no special abilities


You were on level 6 of the Dungeon.
You visited 1 branch of the dungeon, and saw 6 of its levels.
You also visited: Sewer.

You collected 122 gold pieces.

Inventory:

Hand Weapons
 w - a +1 flail (weapon)
Armour
 b - a +0 scale mail (worn)
 c - a +0 buckler (worn)
 n - a +0 pair of gloves (worn)
 t - a +0 helmet (worn)
 x - a +2 cloak (worn)
Jewellery
 d - a ring of flight (left hand)
 i - a ring of protection from cold (right hand)
 u - a ring of resist corrosion
Wands
 p - a wand of mindburst (7)
Scrolls
 a - a scroll of amnesia {unknown}
 f - 2 scrolls of fog
 g - a scroll of blinking {unknown}
 h - 3 scrolls of enchant weapon
 j - a scroll of acquirement {unknown}
 k - a scroll of vulnerability
 l - a scroll of butterflies {unknown}
 m - a scroll of revelation {unknown}
 q - a scroll of immolation {unknown}
 r - a scroll of noise {unknown}
 s - 4 scrolls of identify {unknown}
 y - a scroll of enchant armour {unknown}
Potions
 e - 3 potions of mutation
 o - a potion of curing
 v - a potion of resistance {unknown}
 z - a potion of attraction {unknown}
 B - a potion of cancellation {unknown}


   Skills:
 + Level 7.1 Fighting
 + Level 8.0 Maces & Flails
 - Level 3.6 Armour
 - Level 3.6 Shields


You had 7 spell levels left.
You didn't know any spells.
Your spell library was empty.

Dungeon Overview and Level Annotations

Branches:
Dungeon (6/15) Zot: 1859    Sewer (visited)
 Temple: D:4-7

Altars:
Elyvilon
Nemelex Xobeh
Ru
Trog
The Shining One

Shops:
D:4 ![*

Annotations:
D:6 Edmund


Innate Abilities, Weirdness & Mutations

You passively map a small area around you.
You are easily found by Zot.
You glow in the dark.
You regain HP and MP as you explore.


Message History

Edmund is lightly wounded.
Edmund hits you but does no damage.
You hit the jelly but do no damage. The acid corrodes you!
Your hands burn!
The jelly barely misses you.
You hit the jelly. The acid corrodes you!
Your hands burn!
The jelly is moderately wounded.
Edmund hits you with a +2 heavy flail. The jelly barely misses you.
You hit the jelly. The acid corrodes you!
Your hands burn!
The jelly is heavily wounded.
The jelly closely misses you. Edmund hits you with a +2 heavy flail!
You hit the jelly but do no damage.
Your hands burn!
The jelly is heavily wounded.
The jelly barely misses you.
As you read the scroll labelled HOYPNE NEDO, it crumbles to dust.
It is a scroll of enchant weapon.
Your +0 flail glows red for a moment.
Edmund hits you with a +2 heavy flail! The jelly hits you.
The acid corrodes you!
You are splashed with acid!
As you read the scroll labelled TUAZOE AGUAFF, it crumbles to dust.
Magic quickly surges around you.
It was a scroll of vulnerability.
The jelly hits you.
* * * LOW HITPOINT WARNING * * *
You are splashed with acid!
* * * LOW HITPOINT WARNING * * *
You block Edmund's attack. The jelly attacks as you move away!
The jelly completely misses you. Edmund attacks as you move away!
Edmund hits you with a +2 heavy flail!
* * * LOW HITPOINT WARNING * * *
The jelly attacks as you move away! You block the jelly's attack.
Edmund attacks as you move away! Edmund hits you with a +2 heavy flail.
* * * LOW HITPOINT WARNING * * *
You are too injured to fight recklessly!
You feel much better. The jelly barely misses you.
As you read the scroll labelled TEYP UTZEG, it dissolves into smoke.
It was a scroll of fog.
Edmund hits you with a +2 heavy flail!
* * * LOW HITPOINT WARNING * * *
The jelly barely misses you. The jelly attacks as you move away!
The jelly hits you.
* * * LOW HITPOINT WARNING * * *
The acid corrodes you!
You are splashed with acid!
You die...

.. ,#...#*#..#..
..##...####...# , ** * *
##...####.....## .
#<..##.........## * .. ,
................## *...
............./...##*....
..............§§§.#.....
, ,
...............J@§......
..............§§@§§.....
..........[...§§§§§.....
,,
..............§###§.#...
, ..........######* /##
.. .......#### ** # ,
.....### * * ...... ,,
..... , ..... ,,


You could see Edmund (weak-willed) and a jelly (weak-willed).

Vanquished Creatures
  A black bear (D:5)
  A phantom (D:5)
  A scorpion (D:4)
  2 hounds (D:5)
  A jelly (D:4)
  An orc priest (D:3)
  5 iguanas
  Terence (D:2)
  7 adders
  5 river rats
  5 worms
  3 dart slugs
  7 orcs
  4 ball pythons
  6 endoplasms
  2 giant cockroaches
  5 goblins
  7 hobgoblins
  4 jackals
  6 quokkas
  9 bats
  A frilled lizard (D:1)
  A kobold (D:3)
  6 rats
91 creatures vanquished.

Notes
Turn   | Place    | Note
-------+----------+-------------------------------------------
     0 | D:1      | cforsyth the Meteoran Fighter began the quest for the Orb.
     0 | D:1      | Reached XP level 1. HP: 19/19 MP: 2/2
    54 | D:1      | Reached skill level 3 in Maces & Flails
   111 | D:1      | Reached XP level 2. HP: 26/26 MP: 3/3
   185 | D:2      | You fall into a shaft and drop 1 floor!
   218 | D:3      | Reached XP level 3. HP: 33/33 MP: 4/4
   237 | D:3      | Found a white marble altar of Elyvilon.
   311 | D:2      | Reached skill level 4 in Maces & Flails
   311 | D:2      | Reached XP level 4. HP: 40/40 MP: 5/5
   407 | D:2      | Noticed Terence
   422 | D:2      | Killed Terence
   423 | D:2      | Reached XP level 5. HP: 19/47 MP: 6/6
   721 | D:4      | Found a glowing drain.
   729 | D:4      | Reached skill level 5 in Maces & Flails
   737 | Sewer    | Entered a sewer
   873 | Sewer    | Reached skill level 5 in Fighting
   951 | Sewer    | Reached XP level 6. HP: 14/56 MP: 7/7
  1140 | D:4      | Found Qiful's Assorted Antiques.
  1191 | D:4      | Reached skill level 6 in Maces & Flails
  1205 | D:5      | Entered Level 5 of the Dungeon
  1324 | D:3      | Found a sacrificial altar of Ru.
  1441 | D:4      | Found a glowing golden altar of the Shining One.
  1447 | D:4      | Reached XP level 7. HP: 59/62 MP: 8/8
  1470 | D:4      | Found Neteb's Distillery.
  1518 | D:4      | Found Qaitukauh's Antique Armour Shop.
  1604 | D:5      | Reached skill level 7 in Maces & Flails
  1707 | D:5      | Found a bloodstained altar of Trog.
  1721 | D:5      | Reached XP level 8. HP: 60/71 MP: 9/9
  1832 | D:5      | Reached skill level 8 in Maces & Flails
  1916 | D:5      | Found a sparkling altar of Nemelex Xobeh.
  2043 | D:6      | Noticed Edmund
  2058 | D:6      | HP: 1/73 [Edmund/+2 heavy flail (6)]
  2061 | D:6      | Splashed by a jelly's acid

Illustrated notes

Levels and vault maps discovered:
D:1:      minmay_arrival_open_corners, layout_rooms
D:2:      layout_basic, uniq_terence
D:3:      layout_basic, old_standard_altar, elyvilon_altar_5
D:4:      layout_basic, lemuel_blue_sif_altar, tso_metal_star, kennysheep_mini,
          serial_shops, shop, shop, nicolae_shop_rolled_up,
          nicolae_shop_just_a_little_nook, portal_sewer_entry_b, minivault_24,
          nrook_campfire
D:5:      layout_basic, mainiacjoe_overflow_alcove_1,
          mainiacjoe_overflow_six_doors_small, minivault_23
D:6:      layout_cave_pods, minmay_temple_entry_statues_fountains,
          lightli_orcish_oven, uniq_prince_ribbit1, uniq_eustachio, uniq_edmund

Skill      XL: |  1  2  3  4  5  6  7  8 |
---------------+-------------------------+-----
Maces & Flails | 3 4 5 6 7 8 |  8.0
Fighting       | 4 5 6 7 |  7.1
Armour         | |  3.6
Shields        | |  3.6

Action                     |  1- 3 |  4- 6 |  7- 9 || total
---------------------------+-------+-------+-------++-------
  Melee: Flail             |    54 |   194 |   104 ||   352
    Use: Potion            |       |     2 |     2 ||     4
         Scroll            |       |       |     3 ||     3
 Armour: Scale mail        |    26 |   116 |    68 ||   210
  Dodge: Dodged            |    26 |    76 |    43 ||   145
  Block: Buckler           |    17 |    55 |    24 ||    96

Table legend: (Time is in decaauts)
 A = Elapsed time spent in this place.
 B = Non-inter-level travel time spent in this place.
 C = Inter-level travel time spent in this place.
 D = Time resting spent in this place.
 E = Time spent auto-exploring this place.
 F = Levels seen in this place.
 G = Mean time per level.
                   A        B        C        D        E       F      G
               +--------+--------+--------+--------+--------+-----+--------+
         Total |   2201 |   2185 |     16 |      0 |      0 |   7 |  314.4 |
       Dungeon |   1740 |   1724 |     16 |      0 |      0 |   6 |  290.0 |
         Sewer |    461 |    461 |      0 |      0 |      0 |   1 |  461.0 |
               +--------+--------+--------+--------+--------+-----+--------+

Top non-repeatable levels by time:
     D:4: 535 daAuts
   Sewer: 461 daAuts
     D:5: 450 daAuts
     D:2: 265 daAuts
     D:3: 239 daAuts
     D:1: 186 daAuts
     D:6: 63 daAuts
